 Dungeon Crawl Stone Soup version 0.17-b1-15-g0f5fb43 (webtiles) character file.

390 Eucla the Chopper (level 6, 0/56 HPs)
             Began as a Minotaur Fighter on Nov 7, 2015.
             Was an Initiate of Okawaru.
             Slain by Prince Ribbit (13 damage)
             ... on level 5 of the Dungeon.
             The game lasted 00:03:45 (2631 turns).

Eucla the Chopper (Minotaur Fighter)                Turns: 2631, Time: 00:03:45

Health: 0/56       AC:  7    Str: 26    XL:     6   Next: 50%
Magic:  5/5        EV:  9    Int:  5    God:    Okawaru [......]
Gold:   220        SH: 10    Dex: 11    Spells: 0 memorised, 5 levels left

rFire  . . .     SeeInvis .     a - +0 war axe
rCold  . . .     Clarity  .     b - +0 scale mail
rNeg   . . .     SustAt   .     c - +0 shield
rPois  .         Gourm    .     (helmet restricted)
rElec  .         Spirit   .     (no cloak)
rCorr  .         Warding  .     (no gloves)
rMut   .         Stasis   .     (no boots)
MR     .....                    (no amulet)
Stlth  ..........               (no ring)
                                (no ring)

@: mighty, not resistant to hostile enchantments, extremely unstealthy
A: retaliatory headbutt, horns 2
a: Renounce Religion


You were on level 5 of the Dungeon.
You worshipped Okawaru.
Okawaru was noncommittal.
You were hungry.

You visited 1 branch of the dungeon, and saw 5 of its levels.

You collected 220 gold pieces.

Inventory:

Hand Weapons
 a - a +0 war axe (weapon)
Armour
 b - a +0 scale mail (worn)
 c - a +0 shield (worn)
Jewellery
 k - an uncursed ring of invisibility {unknown}
 q - an uncursed amulet of stasis {unknown}
Wands
 u - a wand of confusion (16)
Scrolls
 i - 4 scrolls of identify {unknown}
 j - 2 scrolls of immolation {unknown}
 n - a scroll of teleportation {unknown}
 o - a scroll of magic mapping {unknown}
 t - a scroll of enchant armour {unknown}
 x - 2 scrolls of fog {unknown}
 y - a scroll of enchant weapon {unknown}
Potions
 h - a potion of haste {unknown}
 l - a potion of resistance {unknown}
 m - a potion of cancellation {unknown}
 r - a potion of heal wounds {unknown}
 s - a potion of flight {unknown}
 v - 2 potions of brilliance {unknown}
 z - a potion of degeneration {unknown}
 A - a potion of magic {unknown}
Books
 p - a book of Maledictions

   Spells                             Type                      Level
   a - Corona                         Hexes                        1
   b - Ensorcelled Hibernation        Hexes/Ice                    2
   c - Confuse                        Hexes                        3
   d - Tukima's Dance                 Hexes                        3
   e - Dazzling Spray                 Conjuration/Hexes            3
 w - a book of Transfigurations

   Spells                             Type                      Level
   a - Stoneskin                      Transmutation/Earth          2
   b - Irradiate                      Conjuration/Transmutation    5
   c - Statue Form                    Transmutation/Earth          6
   d - Hydra Form                     Transmutation                6
   e - Dragon Form                    Transmutation                7
Comestibles
 e - 3 bread rations
 f - 7 meat rations


   Skills:
 + Level 5.1 Fighting
 * Level 5.5 Axes
 + Level 5.0 Armour
 + Level 3.1 Dodging
 - Level 3.6 Shields


You had 5 spell levels left.
You didn't know any spells.

Dungeon Overview and Level Annotations

Branches:
Dungeon (5/15)             Temple (0/1) D:4

Altars:
Ashenzari
Gozag
Kikubaaqudgha
Nemelex Xobeh
Okawaru
Trog

Annotations:
D:5 Prince Ribbit


Innate Abilities, Weirdness & Mutations

You reflexively headbutt those who attack you in melee.
You have a pair of horns on your head.


Message History

You headbutt Prince Ribbit. Prince Ribbit hits you!
* * * LOW HITPOINT WARNING * * *
You are too injured to fight recklessly!
You are too injured to fight recklessly!
Unknown command.
Drink which item? (? for menu, Esc to quit)
You can't drink that!
Drink which item? (? for menu, Esc to quit)
It was a potion of curing.
You feel better. Prince Ribbit hits you.
* * * LOW HITPOINT WARNING * * *
Drink which item? (? for menu, Esc to quit)
You feel better. Prince Ribbit hits you!
* * * LOW HITPOINT WARNING * * *
You block Prince Ribbit's attack.
Drink which item? (? for menu, Esc to quit)
You feel better. You block Prince Ribbit's attack.
Drink which item? (? for menu, Esc to quit)
You feel very mighty all of a sudden. Prince Ribbit hits you!
You die...

........## ###
#####....#####.#####
#..............#
##.....###.###.#
##......<##.###.#
#.............#.#
#.#####..>.....##.#.#.#
#.....F.......##.#.#.#
#.####@.##.............
#.....#......#.#.#
#.###........#.#.# #.#
##.......#.#.) #.#
#.......#.### #.#
#............. #.#
##.#.#....)).. #.#
###.##...#...
#.##...#...


You could see Prince Ribbit.

Vanquished Creatures
  A scorpion (D:4)
  The ghost of Eucla the Skirmisher, a weakling CeAK of Lugonu (D:3)
  A jelly (D:5)
  An orc wizard (D:5)
  A centaur skeleton (D:4)
  2 iguanas
  A worker ant (D:4)
  4 adders
  2 oozes (D:1)
  3 worms (D:2)
  3 giant geckos
  8 orcs
  5 bats
  7 giant cockroaches
  4 hobgoblins
  8 jackals
  3 quokkas
  A ball python (D:2)
  3 giant newts
  5 goblins
  8 kobolds
  12 rats
84 creatures vanquished.

Notes
Turn   | Place    | Note
--------------------------------------------------------------
     0 | D:1      | Eucla the Minotaur Fighter began the quest for the Orb.
     0 | D:1      | Reached XP level 1. HP: 19/19 MP: 0/0
    89 | D:1      | Reached XP level 2. HP: 25/27 MP: 1/1
   724 | D:1      | Reached skill level 4 in Armour
   995 | D:2      | Reached XP level 3. HP: 33/33 MP: 2/2
  1147 | D:2      | Reached skill level 1 in Dodging
  1223 | D:2      | Found a bloodstained altar of Trog.
  1289 | D:2      | Found a shattered altar of Ashenzari.
  1509 | D:3      | Noticed Eucla's ghost (weakling CeAK)
  1518 | D:3      | Killed Eucla's ghost
  1518 | D:3      | Reached XP level 4. HP: 28/41 MP: 3/3
  1649 | D:3      | Reached XP level 5. HP: 35/47 MP: 4/4
  1894 | D:3      | Found an ancient bone altar of Kikubaaqudgha.
  1895 | D:3      | Found an opulent altar of Gozag.
  1917 | D:4      | Found an iron altar of Okawaru.
  1972 | D:4      | Became a worshipper of Warmaster Okawaru
  1980 | D:4      | Reached skill level 5 in Fighting
  1980 | D:4      | Reached skill level 5 in Axes
  2008 | D:4      | Reached XP level 6. HP: 35/56 MP: 5/5
  2100 | D:4      | Found a sparkling altar of Nemelex Xobeh.
  2134 | D:4      | Found a staircase to the Ecumenical Temple.
  2445 | D:5      | Entered Level 5 of the Dungeon
  2514 | D:5      | Reached skill level 5 in Armour
  2617 | D:5      | Noticed Prince Ribbit
  2631 | D:5      | Slain by Prince Ribbit

Action                   |  1- 3 |  4- 6 || total
-------------------------+-------+-------++-------
Melee: War axe           |    87 |   108 ||   195
  Use: Potion            |       |     4 ||     4
  Eat: Chunk             |     2 |     3 ||     5
